 Dungeon Crawl Stone Soup version 0.31-a0-174-g85c54bcb58 (webtiles) character file.

Game seed: 18312659840312969398

132 IndexError the Shooter (level 4, 0/38 HPs)
             Began as a Demigod Hunter on June 15, 2023.
             Slain by a river rat (8 damage)
             ... in a sewer.
             The game lasted 00:03:28 (2111 turns).

IndexError the Shooter (Demigod Hunter)             Turns: 2111, Time: 00:03:29

Health: 0/38       AC:  5    Str: 12    XL:     4   Next: 62%
Magic:  6/6        EV: 12    Int: 11    God:
Gold:   69         SH:  0    Dex: 21    Spells: 3/3 levels left

rFire   . . .        a - +0 shortbow
rCold   . . .        (shield currently unavailable)
rNeg    . . .        c - +0 leather armour
rPois   .            (no helmet)
rElec   .            (no cloak)
rCorr   .            g - +0 pair of gloves
SInv    .            h - +0 pair of boots
Will    .....        (no amulet)
Stlth   ++           (no ring)
HPRegen 0.26/turn    (no ring)
MPRegen 0.10/turn

%: no passive effects
@: no status effects
A: high MP 1, forlorn, divine attributes
a: no special abilities


You were in a sewer.
You visited 1 branch of the dungeon, and saw 3 of its levels.
You also visited: Sewer.

You collected 69 gold pieces.

Inventory:

Hand Weapons
 a - a +0 shortbow (weapon)
Armour
 c - a +0 leather armour (worn)
 g - a +0 pair of gloves (worn)
   (You found it on level 1 of the Dungeon)
 h - a +0 pair of boots (worn)
   (You found it on level 2 of the Dungeon)
Wands
 i - a wand of polymorph (6)
   (You found it on level 2 of the Dungeon)
Scrolls
 b - a scroll of butterflies
 d - a scroll of vulnerability {unknown}
 e - a scroll of enchant armour {unknown}
 f - a scroll of amnesia {unknown}
 j - a scroll of enchant weapon {unknown}
Potions
 k - a potion of curing {unknown}
 l - 2 potions of heal wounds {unknown}
 m - a potion of ambrosia {unknown}
 n - 4 potions of enlightenment
 o - a potion of magic {unknown}
 p - a potion of haste {unknown}


   Skills:
 + Level 3.5 Fighting
 + Level 4.8 Ranged Weapons
 - Level 1.7 Dodging
 - Level 0.8 Stealth


You had 3 spell levels left.
You didn't know any spells.
Your spell library contained the following spells:

 Spells                   Type           Power      Damage    Failure   Level
 Stone Arrow              Conj/Erth      0%         3d7       80%         3
 Animate Armour           Summ/Erth      0%         N/A       99%         4
 Lehudib's Crystal Spear  Conj/Erth      0%         10d2      100%        8


Dungeon Overview and Level Annotations

Branches:
Dungeon (3/15)              Sewer (1/1)


Innate Abilities, Weirdness & Mutations

You have an increased reservoir of magic. (+10% MP)
You shall have no god before yourself.
Your divine heritage dramatically boosts your attributes as you level up.


Message History

You shoot an arrow. The arrow misses the adder.
You shoot an arrow. The arrow hits the adder!
The adder bites you.
You take 1 damage, and have 37/38 hp.
You shoot an arrow. The arrow hits the adder.
The adder barely misses you.
You shoot an arrow.
The arrow hits the adder but does no damage.
The adder barely misses you. The adder bites you but does no damage.
You shoot an arrow. The arrow hits the adder!
Health restored: 38 No target in view!
No target in view!
You see here an adder corpse.
You enter the shallow water.
Moving in this stuff is going to be slow.
You enter the shallow water.
Moving in this stuff is going to be slow.
A giant cockroach comes into view.
A giant cockroach is nearby!
You shoot an arrow.
The arrow barely misses the giant cockroach.
You shoot an arrow. The arrow hits the giant cockroach!
No target in view!
No target in view!
You enter the shallow water.
Moving in this stuff is going to be slow.
You see here a giant cockroach corpse.
You enter the shallow water.
Moving in this stuff is going to be slow.
A frilled lizard comes into view.
The frilled lizard hisses angrily.
A ball python comes into view.
The ball python moves out of view.
A frilled lizard is nearby!
You shoot an arrow. The arrow hits the frilled lizard!
No target in view!
No target in view!
No target in view!
You enter the shallow water.
Moving in this stuff is going to be slow.
A ball python is nearby!
You shoot an arrow. The ball python hisses angrily.
The arrow hits the ball python.
You shoot an arrow. The arrow hits the ball python.
No target in view!
No target in view!
A bat comes into view.
The bat moves out of view.
You enter the shallow water.
Moving in this stuff is going to be slow.
You open the large door.
There is a large open door here.
o - a smoky blue potion No target in view!
No target in view!
p - a smoky green potion
There is a large open door here.
You open the large door. 4 river rats come into view.
There are monsters nearby!
You shoot an arrow. The arrow hits the river rat.
The river rat closely misses you.
You shoot an arrow. The arrow hits the river rat!
The river rat barely misses you. The river rat closely misses you.
The river rat bites you.
The river rat twitches its whiskers.
You take 3 damage, and have 35/38 hp.
You shoot an arrow. The arrow closely misses the river rat.
The river rat bites you.
The river rat bites you but does no damage. x2
You take 2 damage, and have 33/38 hp.
You shoot an arrow. The arrow closely misses the river rat.
The river rat completely misses you. The river rat misses you.
The river rat barely misses you. x2
You shoot an arrow.
The arrow completely misses the river rat.
The river rat bites you.
The river rat bites you but does no damage.
The river rat misses you. The river rat bites you.
You take 9 damage, and have 25/38 hp.
MASSIVE DAMAGE!!
You shoot an arrow. The arrow barely misses the river rat.
The river rat barely misses you. The river rat bites you.
The river rat barely misses you. x2
You take 2 damage, and have 23/38 hp.
You shoot an arrow. The arrow hits the river rat.
The river rat bites you. x2
The river rat bites you!
* * * LOW HITPOINT WARNING * * *
You take 14 damage, and have 9/38 hp.
MASSIVE DAMAGE!!
You are too injured to fight recklessly!
You are too injured to fight recklessly!
Fire: a) +0 shortbow
Press: ? - help, Q - select action, (/) - cycle Shift-Dir - straight line, f - river rat
Aim: a river rat (62% to hit)
You shoot an arrow. The arrow hits the river rat!
The river rat bites you.
* * * LOW HITPOINT WARNING * * *
The river rat closely misses you.
The river rat twitches its whiskers.
The river rat bites you!
You die...

~~~~~~.~†~.~~~~~~.~.~~~~~~≈≈≈≈≈≈≈
≈≈≈≈≈≈≈≈≈≈≈≈≈≈≈≈≈≈≈≈≈≈≈≈≈†≈≈≈≈≈≈≈
~~~~~~~.~~~~~~~~~~..~.~~≈~≈≈≈≈≈≈≈
#######################~≈~#######
# ###### #~≈~# # #..!!# #~≈.# #
++#####''#####~≈~# #
...........~.~~~.#
.......@r..~~~~~~#
++#####rr#####~≈~# ....# #~≈.#
###### #~≈.# #~≈~# ~~≈~# ≈~≈.#


You could see 3 river rats.

Vanquished Creatures
  4 adders
  A river rat (Sewer)
  A worm (Sewer)
  A dart slug (D:1)
  13 ball pythons
  5 endoplasms
  7 giant cockroaches
  6 goblins
  5 hobgoblins
  5 jackals
  6 kobolds
  4 quokkas
  8 bats
  6 frilled lizards
  7 rats
79 creatures vanquished.

Notes
Turn   | Place    | Note
-------+----------+-------------------------------------------
     0 | D:1      | IndexError the Demigod Hunter began the quest for the Orb.
     0 | D:1      | Reached XP level 1. HP: 17/17 MP: 3/3
    44 | D:1      | Reached skill level 2 in Fighting
   149 | D:1      | Reached XP level 2. HP: 24/24 MP: 4/4
   262 | D:1      | Reached skill level 4 in Ranged Weapons
   488 | D:1      | Reached XP level 3. HP: 30/30 MP: 5/5
  1209 | D:2      | Reached skill level 3 in Fighting
  1836 | D:3      | Reached XP level 4. HP: 38/38 MP: 6/6
  1838 | D:3      | Found a glowing drain.
  1847 | Sewer    | Entered a sewer
  2110 | Sewer    | HP: 9/38 [river rat (8)]
  2111 | Sewer    | Slain by a river rat

Illustrated notes

Levels and vault maps discovered:
D:1:      sevenhm_arrival_forest_fort_large_2, layout_loops_corners
D:2:      layout_basic
D:3:      minmay_diamond_boxcup, layout_loops_cross,
          nicolae_uskayaw_murder_on_the_dancefloor, portal_sewer_entry_b,
          solitary_fountain
Sewer:    sewer_fruit_machine

Skill      XL: |  1  2  3 |
---------------+----------+-----
Fighting       | 2 3 |  3.5
Ranged Weapons | 4 |  4.8
Dodging        | |  1.7
Stealth        | |  0.8

Action                     |  1- 3 |  4- 6 || total
---------------------------+-------+-------++-------
   Fire: Shortbow          |   144 |    53 ||   197
 Armour: Leather armour    |     8 |    10 ||    18
  Dodge: Dodged            |    42 |    25 ||    67

Table legend: (Time is in decaauts)
 A = Elapsed time spent in this place.
 B = Non-inter-level travel time spent in this place.
 C = Inter-level travel time spent in this place.
 D = Time resting spent in this place.
 E = Time spent auto-exploring this place.
 F = Levels seen in this place.
 G = Mean time per level.
                   A        B        C        D        E       F      G
               +--------+--------+--------+--------+--------+-----+--------+
         Total |   2202 |   1977 |    225 |     86 |   1399 |   4 |  550.5 |
       Dungeon |   1885 |   1660 |    225 |      0 |   1248 |   3 |  628.3 |
         Sewer |    316 |    316 |      0 |     86 |    151 |   1 |  316.0 |
               +--------+--------+--------+--------+--------+-----+--------+

Top non-repeatable levels by time:
     D:1: 1132 daAuts
     D:2: 584 daAuts
   Sewer: 316 daAuts
     D:3: 168 daAuts

Levels and vault maps discovered:
D:1:      sevenhm_arrival_forest_fort_large_2, layout_loops_corners
D:2:      layout_basic
D:3:      minmay_diamond_boxcup, layout_loops_cross,
          nicolae_uskayaw_murder_on_the_dancefloor, portal_sewer_entry_b,
          solitary_fountain
Sewer:    sewer_fruit_machine

Table legend: (Time is in decaauts)
 A = Elapsed time spent in this place.
 B = Non-inter-level travel time spent in this place.
 C = Inter-level travel time spent in this place.
 D = Time resting spent in this place.
 E = Time spent auto-exploring this place.
 F = Levels seen in this place.
 G = Mean time per level.
                   A        B        C        D        E       F      G
               +--------+--------+--------+--------+--------+-----+--------+
         Total |   2202 |   1977 |    225 |     86 |   1399 |   4 |  550.5 |
       Dungeon |   1885 |   1660 |    225 |      0 |   1248 |   3 |  628.3 |
         Sewer |    316 |    316 |      0 |     86 |    151 |   1 |  316.0 |
               +--------+--------+--------+--------+--------+-----+--------+

Top non-repeatable levels by time:
     D:1: 1132 daAuts
     D:2: 584 daAuts
   Sewer: 316 daAuts
     D:3: 168 daAuts

Table legend:
 A = Kills in this place as a percentage of kills in the entire game.
 B = Kills by you in this place as a percentage of kills by you in the entire game.
 C = Kills by friends in this place as a percentage of kills by friends in the entire game.
 D = Other kills in this place as a percentage of other kills in the entire game.
 E = Experience gained in this place as a percentage of experience gained in the entire game.
 F = Experience gained in this place divided by the number of levels of this place that you have seen.
                   A       B       C       D       E      F
               +-------+-------+-------+-------+-------+----------------------
         Total | 100.0 | 100.0 |   N/A |   N/A | 100.0 |  47.2
       Dungeon |  82.3 |  82.3 |   N/A |   N/A |  67.7 |  42.7
         Sewer |  17.7 |  17.7 |   N/A |   N/A |  32.3 |  61.0
               +-------+-------+-------+-------+-------+----------------------
